 Dungeon Crawl Stone Soup version 0.30.1-4-g462c640d31 (webtiles) character file.

Game seed: 12565645172708956529

17022 safid the Frost Mage (level 12, -4/100 HPs)
             Began as a Merfolk Ice Elementalist on Sept 8, 2023.
             Was an Elder of Vehumet.
             Killed from afar by an electric eel (6 damage)
             ... with a bolt of electricity
             ... on level 5 of the Lair of Beasts on Sept 11, 2023.
             The game lasted 00:23:02 (15851 turns).

safid the Frost Mage (Merfolk Ice Elementalist)    Turns: 15851, Time: 00:23:02

Health: -4/100     AC:  8    Str:  8    XL:     12   Next: 43%
Magic:  24/24      EV: 16    Int: 18    God:    Vehumet [****..]
Gold:   1009       SH:  0    Dex: 16    Spells: 10/27 levels left

rFire   . . .        A - +5 flail (freeze)
rCold   . . .        (no shield)
rNeg    . . .        a - +0 robe
rPois   +            G - +2 helmet
rElec   .            (no cloak)
rCorr   .            f - +0 pair of gloves
SInv    .            t - +1 pair of boots
Will    +....        (no amulet)
Stlth   ++           x - ring of willpower
HPRegen 0.36/turn    H - ring of poison resistance
MPRegen 0.19/turn

%: no passive effects
@: no status effects
A: (nimble swimmer 2), mertail
a: Renounce Religion


You were on level 5 of the Lair of Beasts.
You worshipped Vehumet.
Vehumet was greatly pleased with you.
You visited 3 branches of the dungeon, and saw 16 of its levels.
You also visited: Sewer.

You collected 1009 gold pieces.

Inventory:

Hand Weapons
 v - a -1 demon whip of venom
 A - a +5 flail of freezing (weapon)
Missiles
 p - 6 curare-tipped darts
 D - 2 throwing nets
Armour
 a - a +0 robe (worn)
 f - a +0 pair of gloves (worn)
 t - a +1 pair of boots (worn)
 G - a +2 helmet (worn)
Jewellery
 c - a ring of fire
 w - a +6 ring of strength
 x - a ring of willpower (left hand)
 H - a ring of poison resistance (right hand)
Wands
 u - a wand of mindburst (56)
 z - a wand of roots (22)
 J - a wand of flame (23)
 K - a wand of charming (4)
Scrolls
 e - a scroll of enchant weapon {unknown}
 j - 2 scrolls of amnesia
 l - 5 scrolls of magic mapping
 m - 5 scrolls of blinking
 n - 2 scrolls of silence
 s - a scroll of brand weapon {unknown}
 y - 4 scrolls of poison {unknown}
 E - 6 scrolls of teleportation
 F - a scroll of immolation {unknown}
 I - a scroll of fog {unknown}
 L - 2 scrolls of noise {unknown}
Potions
 b - 2 potions of magic
 d - 3 potions of cancellation
 g - 6 potions of curing
 h - 3 potions of ambrosia
 i - 6 potions of heal wounds
 k - 3 potions of invisibility
 o - 3 potions of flight
 q - a potion of might
 r - 2 potions of haste {unknown}
 B - a potion of berserk rage {unknown}
 C - 2 potions of attraction {unknown}
 M - a potion of mutation {unknown}
 N - a potion of lignification {unknown}


   Skills:
 + Level 11.6 Fighting
 - Level 8.0 Dodging
 - Level 2.1 Stealth
 - Level 8.0 Spellcasting
 - Level 4.0 Conjurations
 + Level 3.2 Translocations
 + Level 7.3 Transmutations
 + Level 12.5 Ice Magic


You had 10 spell levels left.
You knew the following spells:

 Your Spells              Type           Power      Damage    Failure   Level
a - Freeze                Ice            100%       1d10      1%          1
b - Frozen Ramparts       Ice            100%       1d16      1%          3
c - Ozocubu's Armour      Ice            51%        N/A       1%          3
d - Hailstorm             Conj/Ice       36%        3d9       1%          3
e - Irradiate             Conj/Tmut      13%        3d16      7%          5
f - Blink                 Tloc           36%        N/A       4%          2

Your spell library contained the following spells:

 Spells                   Type           Power      Damage    Failure   Level
 Lee's Rapid Deconstruct  Erth           3%         3d5*      54%         5
 Momentum Strike          Conj/Tloc      40%        3d9       1%          2
 Apportation              Tloc           36%        N/A       2%          1
 Sting                    Tmut/Pois      80%        1d7       2%          1
 Ignite Poison            Fire/Tmut/Pois 16%        N/A       3%          3
 Lesser Beckoning         Tloc           36%        N/A       4%          2
 Poisonous Vapours        Pois/Air       14%        N/A       4%          2
 Gell's Gravitas          Tloc           18%        N/A       8%          3
 Inner Flame              Hex/Fire       7%         N/A       8%          3
 Teleport Other           Tloc           18%        N/A       8%          3
 Summon Ice Beast         Ice/Summ       29%        N/A       8%          4
 Necrotise                Necr           28%        1d5       10%         1
 Sticky Flame             Conj/Fire      14%        2d4       11%         4
 Sublimation of Blood     Necr           7%         N/A       14%         2
 Yara's Violent Unravell  Hex/Tmut       10%        3d6       16%         5
 Petrify                  Tmut/Erth      20%        N/A       22%         4
 Olgreb's Toxic Radiance  Pois           7%         N/A       24%         4
 Manifold Assault         Tloc           18%        N/A       26%         4
 Vampiric Draining        Necr           7%         2d6       28%         3
 Alistair's Intoxication  Tmut/Pois      13%        N/A       52%         5
 Agony                    Necr           7%         N/A       95%         5
 Dispersal                Tloc           9%         N/A       99%         6
 Enfeeble                 Hex            3%         N/A       100%        7
 Disjunction              Tloc           9%         N/A       100%        8
 Ignition                 Fire           3%         3d4       100%        8


Dungeon Overview and Level Annotations

Branches:
Dungeon (10/15)            Temple (1/1) D:6            Lair (5/5) D:8
 Shoals (0/4) Lair:2        Snake (0/4) Lair:2        Slime (0/5) Lair:4
  Sewer (visited)
    Orc: D:9-12

Altars:
Ashenzari
Cheibriados
Dithmenos
Elyvilon
Fedhas
Gozag
Hepliaklqana
Kikubaaqudgha
Makhleb
Nemelex Xobeh
Okawaru
Qazlal
Ru
Sif Muna
Trog
Uskayaw
Vehumet
Wu Jian
Xom
Yredelemnul
Zin
The Shining One

Shops:
D:8 :

Annotations:
Lair:4 3 runed translucent doors, Douraeg's ghost, journeyman OpTm; Iguz's ghost, journeyman DrSu; Necrya's ghost, journeyman KoBr; Nyzic's ghost, journeyman TrMo; Ziam's ghost, journeyman GrBe


Innate Abilities, Weirdness & Mutations

((You are very nimble when in or above water. (Stealth+, EV+, Speed+++)))
Your lower body shifts to a powerful aquatic tail in water.


Message History

The rime drake closely misses you.
Unknown command.
You completely miss the rime drake.
The rime drake is almost dead.
The frozen ramparts melt away.
The ice encasing you melts away. The rime drake barely misses you.
The rime drake closely misses you.
Unknown command.
You barely miss the rime drake.
The rime drake is almost dead.
The rime drake breathes ice at you. The icy flash freeze hits you!
* * * LOW HITPOINT WARNING * * *
You are encased in ice.
The rime drake barely misses you.
You sock the rime drake!
You kill the rime drake!
Vehumet accepts your kill.
You feel your power returning.
The electric eel shoots out a bolt of lightning at you!
The bolt of electricity hits you.
* * * LOW HITPOINT WARNING * * *
The electric eel shoots out a bolt of lightning at you!
The bolt of electricity hits you!
* * * LOW HITPOINT WARNING * * *
You hear a croak.
Your icy armour will break if you move.
Continue? [Y]es or [N]o only, please.
Your icy armour will break if you move.
Continue?
Your icy armour cracks and falls away as you move.
The ice encasing you melts away.
The electric eel shoots out a bolt of lightning at you!
The bolt of electricity hits the electric eel.
The electric eel completely resists.
The bolt of electricity hits you!
* * * LOW HITPOINT WARNING * * *
The electric eel shoots out a bolt of lightning at you!
The bolt of electricity hits you!
* * * LOW HITPOINT WARNING * * *
The bolt of electricity hits you.
You die... .... ... .....
PP.

..<..PP.# ......#..
........#
....PP#.###### ###
.......†#P#..###.##
##...†..@#.#.#.##
...#..†............#
.......<..........P#
...................#
................♣♣♣♣
..........~~~~~PSS♣
...........~~~PP~~~~♣
...........~P~~~F~≈≈S~♣
..........~~~~~~~≈≈~≈~~


You could see a cane toad and 2 electric eels.

Vanquished Creatures
  Amaemon (D:8)
  Pikel (D:6)
  4 black mambas
  An orange demon (D:8)
  A merfolk siren (Lair:4)
  5 cane toads
  A rime drake (Lair:5)
  Maggie (D:7)
  4 komodo dragons
  3 polar bears
  Prince Ribbit (D:6)
  A vampire (D:9)
  4 wyverns
  16 yaks
  3 vampire mosquitoes (D:10)
  A basilisk (D:8)
  A naga (Lair:2)
  8 water moccasins
  4 orc warriors
  5 black bears
  An ogre (D:5)
  A sky beast (D:7)
  17 wolves
  3 centaurs
  A lemure (D:6)
  2 kobold brigands
  Blork the orc (D:6)
  8 bullfrogs
  A necrophage (D:6)
  2 scorpions (D:6)
  9 wights
  4 killer bees (D:9)
  2 howler monkeys
  An electric eel (Lair:1)
  3 bullfrog zombies (D:6)
  2 centaur zombies (D:6)
  A human zombie (D:6)
  2 jellies
  3 hounds
  6 orc priests
  A sleepcap (D:4)
  Jessica (D:3)
  A gnoll bouda (D:8)
  10 iguanas
  6 orc wizards
  7 hell rats
  3 mummies (D:6)
  11 adders
  7 gnolls
  3 river rats
  2 shadow imps
  A white imp (D:6)
  3 ufetubi
  A worm (D:3)
  2 dart slugs (D:1)
  18 orcs
  7 endoplasms
  8 goblins
  10 hobgoblins
  6 jackals
  3 quokkas
  11 ball pythons
  4 bats
  9 frilled lizards
  16 kobolds
  16 rats
303 creatures vanquished.

Notes
Turn   | Place    | Note
-------+----------+-------------------------------------------
     0 | D:1      | safid the Merfolk Ice Elementalist began the quest for the
                  | Orb.
     0 | D:1      | Reached XP level 1. HP: 13/13 MP: 3/3
   112 | D:1      | Reached XP level 2. HP: 20/20 MP: 1/5
   165 | D:1      | Reached skill level 1 in Fighting
   553 | D:1      | Reached XP level 3. HP: 15/26 MP: 2/6
   996 | D:2      | Reached skill level 5 in Ice Magic
   996 | D:2      | Reached XP level 4. HP: 23/33 MP: 0/8
  1868 | D:3      | Found a glowing drain.
  1917 | Sewer    | Entered a sewer
  1929 | Sewer    | Reached XP level 5. HP: 30/39 MP: 1/9
  1939 | Sewer    | Learned a level 3 spell: Frozen Ramparts
  1943 | Sewer    | Learned a level 3 spell: Ozocubu's Armour
  2038 | Sewer    | Noticed a kobold brigand
  2049 | Sewer    | Killed a kobold brigand
  2102 | Sewer    | Found a glowing silver altar of Zin.
  2300 | D:3      | Reached XP level 6. HP: 44/47 MP: 4/11
  2325 | D:3      | Noticed Jessica
  2337 | D:3      | Killed Jessica
  2645 | D:3      | Found a faded altar of an unknown god.
  2975 | D:4      | Reached skill level 6 in Ice Magic
  3173 | D:4      | Identified the +0 ring mail of Hopscotch {*Slow rF++ rC+
                  | Int+3}
  3188 | D:4      | Found a stormy altar of Qazlal.
  3764 | D:4      | Found a snail-covered altar of Cheibriados.
  3771 | D:4      | Found a shimmering altar of Xom.
  3882 | D:5      | Entered Level 5 of the Dungeon
  3886 | D:5      | Reached XP level 7. HP: 52/54 MP: 9/13
  4200 | D:5      | Reached skill level 5 in Fighting
  4263 | D:5      | Reached skill level 7 in Ice Magic
  4433 | D:5      | Found a sparkling altar of Nemelex Xobeh.
  4538 | D:5      | Reached skill level 5 in Spellcasting
  4538 | D:5      | Reached XP level 8. HP: 59/63 MP: 5/15
  4709 | D:5      | Found an iron altar of Okawaru.
  5154 | D:6      | Noticed Blork the orc
  5166 | D:6      | Killed Blork the orc
  5324 | D:6      | Found a staircase to the Ecumenical Temple.
  5328 | D:6      | Noticed Prince Ribbit
  5333 | Temple   | Entered the Ecumenical Temple
  5374 | Temple   | Became a worshipper of Vehumet
  5470 | D:6      | Killed Prince Ribbit
  5890 | D:6      | Reached skill level 8 in Ice Magic
  6168 | D:6      | Noticed Pikel
  6178 | D:6      | Killed Pikel
  6179 | D:6      | Reached XP level 9. HP: 65/72 MP: 8/18
  6508 | D:6      | Found a basalt altar of Yredelemnul.
  6522 | D:6      | Reached skill level 9 in Ice Magic
  7016 | D:7      | Reached * piety under Vehumet
  7016 | D:7      | Offered knowledge of Foxfire by Vehumet.
  7106 | D:7      | Noticed Maggie
  7119 | D:7      | Killed Maggie
  7446 | D:7      | Found a blossoming altar of Fedhas.
  7523 | D:7      | Found a sacrificial altar of Ru.
  8142 | D:8      | Noticed an orange demon
  8157 | D:8      | Killed an orange demon
  8158 | D:8      | Reached XP level 10. HP: 75/82 MP: 13/21
  8204 | D:8      | Noticed Amaemon
  8210 | D:8      | Found Nuoleilelo's Book Emporium.
  8225 | D:8      | Killed Amaemon
  8226 | D:8      | Reached skill level 5 in Dodging
  8226 | D:8      | Reached skill level 10 in Ice Magic
  8597 | D:8      | Found a staircase to the Lair.
  8740 | D:8      | Reached ** piety under Vehumet
  8740 | D:8      | Offered knowledge of Momentum Strike by Vehumet.
  9437 | D:9      | Learned a level 3 spell: Hailstorm
  9859 | D:9      | Found a white marble altar of Elyvilon.
  9864 | D:9      | Offered knowledge of Searing Ray by Vehumet.
 10021 | D:10     | Entered Level 10 of the Dungeon
 10107 | D:10     | Learned a level 5 spell: Irradiate
 10124 | D:10     | Reached skill level 11 in Ice Magic
 10124 | D:10     | Reached *** piety under Vehumet
 10125 | D:10     | Reached skill level 1 in Transmutations
 10125 | D:10     | Reached XP level 11. HP: 90/90 MP: 19/23
 10250 | D:10     | Reached skill level 1 in Conjurations
 10416 | D:10     | Found a burning altar of Makhleb.
 10416 | D:10     | Noticed an Executioner
 10705 | D:10     | Reached skill level 10 in Fighting
 11076 | Lair:1   | Entered Level 1 of the Lair of Beasts
 11406 | Lair:1   | Offered knowledge of Stone Arrow by Vehumet.
 12185 | Lair:2   | Found a staircase to the Snake Pit.
 12715 | Lair:2   | Learned a level 2 spell: Blink
 12807 | Lair:2   | Identified the +2 robe of Tosmiole {Str+4 Int+3 Dex+5}
 12873 | Lair:2   | Found a staircase to the Shoals.
 12893 | Lair:2   | Reached skill level 5 in Transmutations
 13620 | Lair:3   | Reached skill level 1 in Translocations
 14055 | Lair:3   | Reached skill level 12 in Ice Magic
 14567 | Lair:4   | Reached **** piety under Vehumet
 14745 | Lair:4   | Reached XP level 12. HP: 81/100 MP: 20/24
 15326 | Lair:4   | Offered knowledge of Lee's Rapid Deconstruction by Vehumet.
 15394 | Lair:4   | Found a staircase to the Slime Pits.
 15496 | Lair:4   | Found a runed translucent gate.
 15496 | Lair:4   | Found a runed translucent gate.
 15496 | Lair:4   | Found a runed translucent gate.
 15496 | Lair:4   | Noticed Ziam's ghost (journeyman GrBe)
 15497 | Lair:4   | Noticed Nyzic's ghost (journeyman TrMo)
 15497 | Lair:4   | Noticed Iguz's ghost (journeyman DrSu)
 15497 | Lair:4   | Noticed Necrya's ghost (journeyman KoBr)
 15497 | Lair:4   | Noticed Douraeg's ghost (journeyman OpTm)
 15498 | Lair:4   | Found the +8 Wrath of Trog {antimagic, *Rage Rampage}
 15641 | Lair:5   | Entered Level 5 of the Lair of Beasts
 15851 | Lair:5   | HP: 2/100 [electric eel/bolt of electricity (8)]
 15851 | Lair:5   | Killed from afar by an electric eel

Illustrated notes

Levels and vault maps discovered:
D:1:      matt_arrival_diagonals, layout_rooms
D:2:      layout_loops_cross, hangedman_decor_riveting, kennysheep_crisscross
D:3:      layout_loops_cross, portal_sewer_entry_a,
          ebering_ecumenical_altar_abandoned, uniq_jessica
D:4:      layout_loops_ring, mainiacjoe_overflow_surrounded_room,
          amethyst_overflow_temple_binary, serial_bayou, serial_bayou_crossing,
          serial_bayou_ford_a, serial_bayou_pond_d, serial_bayou_pond_e,
          serial_bayou_pond_d
D:5:      layout_basic, amcnicky_altar_gilded, mainiacjoe_overflow_alcove_4
D:6:      layout_basic, lemuel_mausoleum_altar_yredelemnul,
          minmay_temple_entry_ruins, kennysheep_generic_room_16,
          uniq_blork_the_orc, uniq_prince_ribbit1, uniq_pikel
D:7:      layout_rooms, mainiacjoe_overflow_catwalk,
          mainiacjoe_overflow_concentric_impassable, uniq_maggie
D:8:      layout_basic, david_lair_generic, serial_shops,
          nicolae_shop_real_fake_doors, grunt_decor_cap, uniq_amaemon
D:9:      layout_cave_pools, elyvilon_altar_1, minmay_lizard_king
D:10:     layout_cave_pods, makhleb_altar_promises_db
Temple:   minmay_temple_bridge_abc
Lair:1:   layout_loops_ring, grunt_forest_small_clearings,
          dreamdust_mushroom_princess, infiniplex_staircase_pool,
          serial_bayou_shore_b, grunt_megastairs_5
Lair:2:   layout_loops_ring, minmay_shoals_entry_lonely_mermaid,
          guppyfry_snake_entry_garden, minmay_holes
Lair:3:   layout_cave_pods
Lair:4:   layout_long_grid, slime_entry_1, gammafunk_ghost_cemetery
Lair:5:   hellmonk_lair_end_abyssal_woods, layout_gridlike,
          serial_bayou_shore_a, serial_bayou_shore_b

Skill      XL: |  1  2  3  4  5  6  7  8  9 10 11 12 |
---------------+-------------------------------------+-----
Fighting       | 1 2 3 4 5 7 8 9 11 | 11.6
Ice Magic      | 5 6 7 8 9 11 12 | 12.5
Spellcasting   | 3 4 5 6 7 8 |  8.0
Dodging        | 4 7 8 |  8.0
Transmutations | 1 6 7 |  7.3
Conjurations   | 3 4 |  4.0
Translocations | 1 3 |  3.2
Stealth        | |  2.1

Action                     |  1- 3 |  4- 6 |  7- 9 | 10-12 || total
---------------------------+-------+-------+-------+-------++-------
  Melee: Dagger            |    66 |    66 |       |       ||   132
         Tailslap          |       |     2 |       |     2 ||     4
         Falchion          |       |    28 |   118 |       ||   146
         Punch             |       |     3 |     2 |     4 ||     9
         Flail             |       |       |    53 |   246 ||   299
   Cast: Freeze            |    39 |    57 |    22 |    23 ||   141
         Frozen Ramparts   |       |     7 |    28 |    57 ||    92
         Ozocubu's Armour  |       |     1 |    22 |    51 ||    74
         Irradiate         |       |       |       |     2 ||     2
    Use: Scroll            |       |       |     8 |     6 ||    14
         Potion            |       |       |     2 |     3 ||     5
   Stab: Sleeping          |     4 |     6 |     8 |       ||    18
 Armour: Robe              |    23 |    21 |    86 |   132 ||   262
  Dodge: Dodged            |    54 |    85 |   169 |   398 ||   706
